 Dungeon Crawl Stone Soup version 0.18.1-8-gdd0e5ea (webtiles) character file.

102 shmeve the Chopper (level 4, -1/52 HPs)
             Began as a Vampire Berserker on May 26, 2016.
             Was a Priest of Trog.
             Slain by a gnoll
             ... wielding a +1 halberd of freezing
              (4 damage)
             ... on level 3 of the Dungeon.
             The game lasted 00:05:40 (2350 turns).

shmeve the Chopper (Vampire Berserker)              Turns: 2350, Time: 00:05:40

Health: -1/52      AC:  4    Str: 22    XL:     4   Next: 49%
Magic:  4/4        EV: 13    Int:  9    God:    Trog [***...]
Gold:   137        SH:  0    Dex: 13    Spells: 0 memorised, 3 levels left

rFire  . . .     SeeInvis +     a - +1 hand axe
rCold  . . .     Gourm    .     b - +0 animal skin
rNeg   . . .     Faith    .     (no shield)
rPois  .         Spirit   .     (no helmet)
rElec  .         Dismiss  .     o - +0 cloak
rCorr  .         Reflect  .     e - +0 pair of gloves
SustAt .         Harm     .     (no boots)
MR     .....                    (no amulet)
Stlth  ..........               (no ring)
                                (no ring)

@: berserking, regenerating quickly, very quick, not resistant to hostile
enchantments, extremely unstealthy
A: fangs 3, see invisible, unbreathing
a: Berserk, Trog's Hand, Burn Spellbooks, Renounce Religion


You were on level 3 of the Dungeon.
You worshipped Trog.
Trog was most pleased with you.
You were very full.

You visited 1 branch of the dungeon, and saw 3 of its levels.

You collected 137 gold pieces.

Inventory:

Hand Weapons
 a - a +1 hand axe (weapon)
Armour
 b - a +0 animal skin (worn)
 e - a +0 pair of gloves (worn)
 o - a +0 cloak (worn)
Scrolls
 d - a scroll of enchant weapon
 f - a scroll of fog {unknown}
 g - a scroll of identify
 i - a scroll of recharging {unknown}
 n - 3 scrolls of remove curse
Potions
 c - 9 potions of blood
 h - 3 potions of cure mutation {unknown}
 j - a potion of heal wounds {unknown}
 k - 4 potions of ambrosia {unknown}
 l - 3 potions of might {unknown}
 m - a potion of curing {unknown}


   Skills:
 * Level 3.1 Fighting
 * Level 3.6 Axes
 + Level 1.7 Armour
 * Level 3.4 Dodging
 + Level 1.6 Stealth


You had 3 spell levels left.
You didn't know any spells.

Dungeon Overview and Level Annotations

Branches:
Dungeon (3/15)

Altars:
Gozag
Ru
The Shining One


Innate Abilities, Weirdness & Mutations

Your natural rate of healing is unusually fast.
You have razor-sharp teeth.
You have supernaturally acute eyesight.
You can survive without breathing.


Message History

The gnoll hits you from afar with a spear!
You see here a halberd.
You slash the gnoll!
You kill the gnoll!
Trog accepts your kill.
The gnoll hits you from afar with a halberd of freezing!
* * * LOW HITPOINT WARNING * * *
The gnoll freezes you.
* * * LOW HITPOINT WARNING * * *
The gnoll hits you with a halberd of freezing.
* * * LOW HITPOINT WARNING * * *
The gnoll freezes you.
* * * LOW HITPOINT WARNING * * *
Things that are here:
a spear; 20 stones You barely miss the gnoll.
You slash the gnoll!
The gnoll is severely wounded.
The gnoll hits you with a halberd of freezing.
You die...

#......####
#......#
#.##.###
#.##.#
#.##.#
#.##.#
#.##)#
#.##)#
#.##@#
#.##g.......
#########


You could see a gnoll.

Vanquished Creatures
  3 gnolls (D:3)
  2 adders (D:2)
  A worm (D:2)
  2 dart slugs
  9 bats
  2 giant cockroaches (D:2)
  5 goblins
  6 hobgoblins
  2 quokkas
  2 ball pythons (D:2)
  5 giant newts
  6 kobolds
  8 rats
53 creatures vanquished.

Notes
Turn   | Place    | Note
--------------------------------------------------------------
     0 | D:1      | shmeve the Vampire Berserker began the quest for the Orb.
     0 | D:1      | Reached XP level 1. HP: 17/17 MP: 1/1
   468 | D:1      | Reached XP level 2. HP: 23/23 MP: 2/2
   591 | D:1      | Reached ** piety under Trog
  1122 | D:2      | Reached XP level 3. HP: 21/28 MP: 3/3
  1280 | D:2      | Found a sacrificial altar of Ru.
  1281 | D:2      | Found a glowing golden altar of the Shining One.
  1327 | D:2      | Reached skill level 1 in Stealth
  1440 | D:2      | Found an opulent altar of Gozag.
  1937 | D:2      | Found a faded altar to an unknown god.
  2123 | D:2      | Reached XP level 4. HP: 34/35 MP: 4/4
  2345 | D:3      | Reached *** piety under Trog
  2348 | D:3      | HP: 2/52 [gnoll/halberd of freezing (3)]
  2350 | D:3      | Slain by a gnoll

Skill      XL: |  1  2  3 |
---------------+----------+-----
Axes           | 3 |  3.6
Dodging        | 3 |  3.4
Stealth        | 1 |  1.6
Fighting       | 3 |  3.1
Armour         | |  1.7

Action                   |  1- 3 |  4- 6 || total
-------------------------+-------+-------++-------
Melee: Hand axe          |   107 |    29 ||   136
       Bite              |    11 |     3 ||    14
Invok: Berserk           |       |     1 ||     1
  Use: Scroll            |     3 |       ||     3
 Stab: Sleeping          |     4 |     2 ||     6
  Eat: Corpse            |    14 |     2 ||    16
Armor: Animal skin       |    29 |     9 ||    38
Dodge: Dodged            |   106 |    29 ||   135
